 Dungeon Crawl Stone Soup version 0.29-a0-23-ga79f92ac9c (webtiles) character file.

Game seed: 3820960164137523460

49 HallandMoats the Skirmisher (level 3, 0/20 HPs)
             Began as a Vine Stalker Fighter on Jan 30, 2022.
             Succumbed to a kobold's poison
             ... on level 3 of the Dungeon.
             The game lasted 00:02:09 (1829 turns).

HallandMoats the Skirmisher (Vine Stalker Fighter)  Turns: 1829, Time: 00:02:10

Health: 0/20       AC:  6    Str: 18    XL:     3   Next: 75%
Magic:  4/4        EV:  9    Int:  8    God:
Gold:   39         SH:  5    Dex: 15    Spells: 2/2 levels left

rFire   . . .      SeeInvis .   a - +0 war axe
rCold   . . .      Faith    .   c - +0 buckler
rNeg    . . .      Spirit   +   b - +0 scale mail
rPois   .          Reflect  .   (no helmet)
rElec   .          Harm     .   (no cloak)
rCorr   .          Rampage  .   (no gloves)
Will    .....                   (no boots)
Stlth   ..........              (no amulet)
HPRegen 0.06/turn               (no ring)
MPRegen 0.09/turn               (no ring)

@: lethally poisoned (0 -> -2)
A: fangs 2, magic shield, antimagic bite, no potion heal 2
a: no special abilities


You were on level 3 of the Dungeon.
You visited 1 branch of the dungeon, and saw 3 of its levels.

You collected 39 gold pieces.

Inventory:

Hand Weapons
 a - a +0 war axe (weapon)
Armour
 b - a +0 scale mail (worn)
 c - a +0 buckler (worn)
 e - the +2 pair of boots of Vustof {rC+}
   (You acquired it on level 3 of the Dungeon)

   rC:        It protects you from cold.
Scrolls
 f - 2 scrolls of amnesia {unknown}
 g - a scroll of summoning {unknown}
Potions
 d - a potion of might


   Skills:
 * Level 3.1 Fighting
 * Level 2.3 Axes
 + Level 2.5 Armour
 + Level 0.5 Dodging
 + Level 2.8 Shields
 * Level 1.2 Invocations


You had 2 spell levels left.
You didn't know any spells.
Your spell library was empty.

Dungeon Overview and Level Annotations

Branches:
Dungeon (3/15)

Altars:

Shops:
D:2 =   D:3 (


Innate Abilities, Weirdness & Mutations

You have extremely sharp teeth.
When hurt, damage is shared between your health and your magic reserves.
Your bite disrupts and absorbs the magic of your enemies.
Potions cannot restore your health.


Message History

You kill the kobold!
You feel very sick.
You are too injured to fight recklessly!
You are too injured to fight recklessly!
You are too injured to fight recklessly!
You are too injured to fight recklessly!
You are too injured to fight recklessly!
You are too injured to fight recklessly!
You are too injured to fight recklessly!
You are too injured to fight recklessly!
You are too injured to fight recklessly!
You are too injured to fight recklessly!
You are too injured to fight recklessly!
You are too injured to fight recklessly!
You are too injured to fight recklessly!
You are too injured to fight recklessly!
Okay, then.
Okay, then.
This is a scroll of acquirement!
Something appears at your feet!
* * * LOW HITPOINT WARNING * * *
You feel sick.
e - the +2 pair of boots of Vustof {rC+}
* * * LOW HITPOINT WARNING * * *
You feel sick.
Keep equipping yourself?
* * * LOW HITPOINT WARNING * * *
You feel sick.
You start putting on your armour.
You continue putting on the +2 pair of boots of Vustof {rC+}.
* * * LOW HITPOINT WARNING * * *
You feel sick.
You continue putting on the +2 pair of boots of Vustof {rC+}.
* * * LOW HITPOINT WARNING * * *
You feel sick.
You continue putting on the +2 pair of boots of Vustof {rC+}.
* * * LOW HITPOINT WARNING * * *
You feel sick.
You continue putting on the +2 pair of boots of Vustof {rC+}.
You die...

##.# #.##.##..#.##
.# ......<.#.## .
#####.####.########
. #.##.>....)...#
.......#.#.##.#
...##.###.#.##
#####. #.....#
#.##..#..#.##
#....@.......
####))....∩##
#.####### #. .) >#.
.#. # ..


There were no monsters in sight!

Vanquished Creatures
  A worm (D:2)
  3 orcs (D:3)
  5 ball pythons (D:1)
  2 endoplasms (D:2)
  A giant cockroach (D:1)
  4 hobgoblins
  9 kobolds
  3 quokkas
  4 bats (D:1)
  4 goblins
  4 rats
40 creatures vanquished.

Notes
Turn   | Place    | Note
-------+----------+-------------------------------------------
     0 | D:1      | HallandMoats the Vine Stalker Fighter began the quest for
                  | the Orb.
     0 | D:1      | Reached XP level 1. HP: 11/11 MP: 2/2
   152 | D:1      | Reached XP level 2. HP: 16/16 MP: 3/3
   685 | D:1      | Reached skill level 1 in Invocations
   908 | D:1      | Reached XP level 3. HP: 19/19 MP: 4/4
  1088 | D:2      | Found Nudgh's Jewellery Boutique.
  1194 | D:2      | Reached skill level 3 in Fighting
  1388 | D:2      | Found a faded altar of an unknown god.
  1798 | D:3      | Found Optarhim's Weapon Boutique.
  1823 | D:3      | Identified a scroll of acquirement
  1823 | D:3      | Acquired the +2 pair of boots of Vustof {rC+}
  1827 | D:3      | HP: 1/20 [poisoned by a kobold]
  1829 | D:3      | Succumbed to a kobold's poison

Illustrated notes

Levels and vault maps discovered:
D:1:      dpeg_arrival_subterranean_lakeside_camping, layout_basic,
          minmay_misc_feat_x, minivault_24, minmay_misc_feat_plants
D:2:      layout_basic, serial_shops, shop,
          chequers_ecumenical_altar_simple_redux, serial_park_tiny_2
D:3:      layout_loops_cross, mainiacjoe_overflow_tiny_flanked,
          mainiacjoe_overflow_brackets, serial_shops, shop

Skill      XL: |  1  2  3 |
---------------+----------+-----
Axes           | 2 |  2.3
Invocations    | 1 |  1.2
Fighting       | 3 |  3.1
Armour         | |  2.5
Dodging        | |  0.5
Shields        | |  2.8

Action                   || total
-------------------------++-------
Melee: War axe           ||    86
       Bite              ||    16
  Use: Scroll            ||     1
Armor: Scale mail        ||    30
Dodge: Dodged            ||    37
Block: Buckler           ||    14

Table legend: (Time is in decaauts)
 A = Elapsed time spent in this place.
 B = Non-inter-level travel time spent in this place.
 C = Inter-level travel time spent in this place.
 D = Time resting spent in this place.
 E = Time spent auto-exploring this place.
 F = Levels seen in this place.
 G = Mean time per level.
                   A        B        C        D        E       F      G
               +--------+--------+--------+--------+--------+-----+--------+
         Total |   1865 |   1758 |    107 |      0 |   1504 |   3 |  621.7 |
       Dungeon |   1865 |   1758 |    107 |      0 |   1504 |   3 |  621.7 |
               +--------+--------+--------+--------+--------+-----+--------+

Top non-repeatable levels by time:
     D:1: 1075 daAuts
     D:2: 593 daAuts
     D:3: 197 daAuts
